 Dungeon Crawl Stone Soup version 0.30.0-11-gf55b779eaf (webtiles) character file.

Game seed: 5277885769405065172

285 Esekla the Grave Robber (level 6, -7/39 HPs)
             Began as an Octopode Necromancer on May 17, 2023.
             Mangled by a gnoll
             ... wielding a +0 halberd
             ... led by a gnoll sergeant
              (16 damage)
             ... on level 3 of the Dungeon.
             The game lasted 00:13:19 (2695 turns).

Esekla the Grave Robber (Octopode Necromancer)      Turns: 2695, Time: 00:13:20

Health: -7/39      AC:  1    Str:  8    XL:     6   Next: 29%
Magic:  7/10       EV: 13    Int: 19    God:
Gold:   138        SH:  9    Dex: 12    Spells: 6/10 levels left

rFire   . . .        d - +0 dagger
rCold   . . .        b - +0 buckler
rNeg    . . .        (helmet restricted)
rPois   .            q - amulet "Pumage Rof" {Reflect Will+ rCorr SH+5}
rElec   .            (no ring)
rCorr   +            (no ring)
SInv    .            (no ring)
Will    +....        (no ring)
Stlth   +++          (no ring)
HPRegen 0.26/turn    (no ring)
MPRegen 0.12/turn    (no ring)
                     (no ring)

%: reflection
@: very slightly contaminated
A: almost no armour, amphibious, 8 rings, camouflage 1, gelatinous body 1,
(nimble swimmer 1), tentacles
a: no special abilities


You were on level 3 of the Dungeon.
You visited 1 branch of the dungeon, and saw 4 of its levels.

You collected 138 gold pieces.

Inventory:

Hand Weapons
 d - a +0 dagger (weapon)
 r - a +0 spear
Missiles
 i - 5 curare-tipped darts (quivered)
Armour
 b - a +0 buckler (worn)
Jewellery
 q - the amulet "Pumage Rof" (around mantle) {Reflect Will+ rCorr SH+5}
   (You found it on level 3 of the Dungeon)

   [amulet of reflection]

   It reflects blocked missile attacks.
   rCorr:     It protects you from acid and corrosion.
   SH:        It affects your SH (+5).
   Will:      It increases your willpower.
Wands
 k - a wand of mindburst (5)
Scrolls
 c - 2 scrolls of magic mapping {unknown}
 f - 2 scrolls of vulnerability {unknown}
 j - 2 scrolls of immolation {unknown}
 l - 4 scrolls of identify {unknown}
 m - 2 scrolls of teleportation {unknown}
 n - a scroll of torment {unknown}
 o - a scroll of poison {unknown}
 p - a scroll of amnesia {unknown}
Potions
 a - a potion of magic
 e - a potion of resistance {unknown}
 g - 2 potions of brilliance {unknown}
 h - a potion of haste {unknown}
 s - a potion of attraction {unknown}


   Skills:
 * Level 2.3 Fighting
 + Level 1.6 Short Blades
 * Level 2.9 Dodging
 - Level 3.3 Stealth
 * Level 1.7 Shields
 * Level 2.6 Spellcasting
 * Level 4.7 Necromancy
 * Level 1.7 Ice Magic


You had 6 spell levels left.
You knew the following spells:

 Your Spells              Type           Power      Damage    Failure   Level
a - Necrotise             Necr           80%        1d8       3%          1
d - Vampiric Draining     Necr           20%        2d7       11%         3

Your spell library contained the following spells:

 Spells                   Type           Power      Damage    Failure   Level
 Animate Dead             Necr           20%        N/A       34%         4
 Agony                    Necr           20%        N/A       69%         5


Dungeon Overview and Level Annotations

Branches:
Dungeon (4/15)
 Temple: D:4-7

Altars:
Uskayaw

Shops:
D:1 :

Annotations:
D:3 1 runed translucent door, Strat's ghost, weakling DsGl


Innate Abilities, Weirdness & Mutations

You cannot wear most types of armour.
You are amphibious.
You can wear up to eight rings at the same time.
Your skin changes colour to match your surroundings (Stealth+).
Your rubbery body absorbs attacks. (AC +1, EV +1)
((You are camouflaged when in or above water. (Stealth+)))
You have tentacles for arms and can constrict up to eight enemies at once.


Message History

There is an open door here.
The hobgoblin barely misses you.
You hit the hobgoblin but do no damage. Your grab misses the hobgoblin.
You squeeze the hobgoblin.
You kill the hobgoblin!
You see here a hobgoblin corpse.
There is an open door here.
You open the door.
There is an open door here.
You see here a +0 dagger.
There is an open door here.
There is an open door here.
Done exploring.
(D) Dungeon
Where to? (Enter - D:3, ? - help)
There is a stone staircase leading down here.
You climb downwards.
The gnoll shouts!
The gnoll closely misses you.
There is a stone staircase leading up here.
There are monsters nearby!
The gnoll hits you with a +0 halberd!
The gnoll hits you from afar with a +0 halberd!
There is a stone staircase leading up here.
You block the gnoll's attack. The gnoll closely misses you.
You climb upwards.
Level annotation: 1 runed translucent door, Strat's ghost, weakling DsGl
There is a stone staircase leading down here.
You hit the gnoll but do no damage. Your grab misses the gnoll.
Your squeeze misses the gnoll. The gnoll hits you with a +0 halberd!
* * * LOW HITPOINT WARNING * * *
Casting: Vampiric Draining (dangerous; 11% risk of failure)
Confirm with . or Enter, or press ? or * to list all spells.
Aiming: Vampiric Draining (dangerous; 11% risk of failure)
Press: ? - help, Shift-Dir - straight line, f - gnoll
Aim: a gnoll, wielding a +0 halberd You miscast Vampiric Draining.
You are very lightly contaminated with residual magic.
Nothing appears to happen.
The gnoll hits you with a +0 halberd!
You die...

#####.# ###.### #.#<#.#.....#
......# #...# ##.###.#.#####
......#######.# #......#.#
.....#.....##.#####.######.#
.....+.....................#
######...........#..########
.....#......#.(#.#.####
####.#......##.#g[....##
#.⌠#.##.....##..@####..##
#..#.##.....####.# #...#
#'##.##.....# #.####.#.###
.....##.....# ##.#.#.#.#.##
#'##.##.....# #...........#
#..#.######.#####.#.#.#.#.#####
'.÷#.# #..............[....#
####.# #######.#.#.#.#.###.#
.....# #...........##.#


You could see a gnoll.

Vanquished Creatures
  A gnoll sergeant (D:3)
  An orc priest (D:3)
  A hound (D:3)
  A sleepcap (D:3)
  An orc wizard (D:3)
  A gnoll (D:4)
  3 adders
  A worm (D:2)
  A dart slug (D:1)
  2 orcs (D:3)
  2 endoplasms
  6 giant cockroaches
  5 goblins (D:1)
  6 hobgoblins
  5 jackals
  3 quokkas (D:1)
  8 ball pythons
  6 bats
  A frilled lizard (D:3)
  9 kobolds
  6 rats
70 creatures vanquished.

Notes
Turn   | Place    | Note
-------+----------+-------------------------------------------
     0 | D:1      | Esekla the Octopode Necromancer began the quest for the
                  | Orb.
     0 | D:1      | Reached XP level 1. HP: 11/11 MP: 3/3
   265 | D:1      | Reached XP level 2. HP: 17/17 MP: 5/5
   435 | D:1      | Found Boel's Book Shoppe.
   458 | D:1      | Reached skill level 1 in Fighting
   464 | D:1      | Reached XP level 3. HP: 9/23 MP: 6/6
   468 | D:1      | Learned a level 3 spell: Vampiric Draining
   929 | D:2      | Reached skill level 1 in Shields
   929 | D:2      | Reached XP level 4. HP: 28/28 MP: 7/7
  1398 | D:3      | Reached skill level 1 in Ice Magic
  1399 | D:3      | Found a hide-covered altar of Uskayaw.
  1552 | D:4      | Noticed a gnoll sergeant
  1577 | D:3      | Killed a gnoll sergeant
  1578 | D:3      | Reached skill level 1 in Short Blades
  1578 | D:3      | Reached XP level 5. HP: 9/34 MP: 1/8
  1866 | D:3      | HP: 1/34 [orc wizard/+0 dagger (4)]
  1868 | D:3      | Reached XP level 6. HP: 1/39 MP: 0/9
  2337 | D:3      | Identified the amulet "Pumage Rof" {Reflect Will+ rCorr
                  | SH+5}
  2460 | D:3      | Found a runed translucent door.
  2534 | D:3      | Noticed Strat's ghost (weakling DsGl)
  2695 | D:3      | Mangled by a gnoll

Illustrated notes

Levels and vault maps discovered:
D:1:      saegor_arrival_miasma, layout_rooms, serial_shops, shop_statue,
          minivault_11
D:2:      layout_rooms
D:3:      minmay_door_path, layout_basic,
          nicolae_uskayaw_murder_on_the_dancefloor, ebering_ghost_sewer_d,
          st_stairs_11, minmay_parallelograms
D:4:      layout_loops_ring, mainiacjoe_overflow_small_starburst,
          nicolae_overflow_crystal_walls, amethyst_killhole, nicolae_goblin_pals

Skill      XL: |  1  2  3  4  5 |
---------------+----------------+-----
Fighting       | 1 2 |  2.3
Stealth        | 3 |  3.3
Shields        | 1 |  1.7
Ice Magic      | 1 |  1.7
Short Blades   | 1 |  1.6
Dodging        | |  2.9
Spellcasting   | |  2.6
Necromancy     | |  4.7

Action                     |  1- 3 |  4- 6 || total
---------------------------+-------+-------++-------
  Melee: Unarmed           |    20 |       ||    20
         Tentacles         |    19 |    22 ||    41
         Constrict         |    21 |    18 ||    39
         Short sword       |     1 |       ||     1
         Dagger            |    65 |    99 ||   164
   Cast: Vampiric Draining |       |     5 ||     5
   Stab: Sleeping          |     8 |    10 ||    18
 Armour: Skin              |     5 |     5 ||    10
  Dodge: Dodged            |    41 |    51 ||    92
  Block: Buckler           |     5 |    20 ||    25
